 Dungeon Crawl Stone Soup version 0.31.0-9-g3a7656b989 (webtiles) character file.

Game seed: 9535599332056242737

6526 ExZ the Protected (level 11, -24/78 (86) HPs)
             Began as a Formicid Fighter on Jan 28, 2024.
             Was an Elder of Okawaru.
             Killed from afar by Nergalle (27 damage)
             ... with a bolt of negative energy
             ... on level 10 of the Dungeon on Jan 30, 2024.
             The game lasted 00:21:34 (10815 turns).

ExZ the Protected (Formicid Fighter)               Turns: 10815, Time: 00:21:35

HP:   -24/78 (86)   AC: 15    Str: 26    XL:     11   Next: 20%
MP:   10/16         EV: 15    Int:  7    God:    Okawaru [****..]
Gold: 462           SH:  6    Dex: 13    Spells: 10/10 levels left

rFire   + + .        i - +0 lajatang (drain)
rCold   x . .        c - +0 buckler
rNeg    . . .        E - +0 fire dragon scales
rPois   .            (helmet unavailable)
rElec   .            o - scarf {shadows}
rCorr   .            g - +0 pair of gloves
SInv    +            (no boots)
Will    +....        (no amulet)
Stlth   +            (no ring)
HPRegen 0.33/turn    (no ring)
MPRegen 0.15/turn

%: no passive effects
@: heroic, finesse-ful, drained
A: permanent stasis, dig shafts and tunnels, antennae 3, four strong arms
a: Dig, Shaft Self, Renounce Religion, Heroism, Finesse


You were on level 10 of the Dungeon.
You worshipped Okawaru.
Okawaru was greatly pleased with you.
You visited 2 branches of the dungeon, and saw 11 of its levels.

You collected 462 gold pieces.

Inventory:

Hand Weapons
 a - a +0 war axe
 i - a +0 lajatang of draining (weapon)
Missiles
 t - 4 boomerangs
 F - 2 throwing nets
Armour
 b - a +0 scale mail
 c - a +0 buckler (worn)
 g - a +0 pair of gloves (worn)
 o - a scarf of shadows (worn)
 E - +0 fire dragon scales (worn)
Wands
 s - a wand of flame (1)
 u - a wand of digging (3)
Scrolls
 f - a scroll of fear
 j - a scroll of immolation
 k - 2 scrolls of enchant armour
 l - 3 scrolls of poison
 m - a scroll of teleportation
 n - a scroll of brand weapon
 p - 2 scrolls of torment
 q - a scroll of amnesia
 r - a scroll of fog
 x - a scroll of enchant weapon {unknown}
 y - a scroll of blinking {unknown}
 G - 2 scrolls of noise {unknown}
Potions
 d - 2 potions of attraction
 e - 4 potions of brilliance
 h - 2 potions of curing
 v - a potion of magic {unknown}
 w - a potion of berserk rage {unknown}
 z - 3 potions of cancellation {unknown}
 A - a potion of invisibility {unknown}
 B - 3 potions of heal wounds
 C - a potion of mutation {unknown}
 D - 2 potions of lignification {unknown}
 H - a potion of degeneration {unknown}
 I - a potion of ambrosia {unknown}


   Skills:
 - Level 8.0(13.0) Fighting
 - Level 2.0(7.8) Axes
 - Level 3.0(8.3) Polearms
 + Level 10.7(15.7) Armour
 + Level 7.3(12.3) Dodging
 - Level 5.0(10.0) Shields
 - Level 7.0 Invocations
 - Level 5.0 Evocations


You had 10 spell levels left.
You didn't know any spells.
Your spell library contained the following spells:

 Spells                   Type           Power      Damage    Failure   Level
 Freeze                   Ice            0%         1d3       71%         1
 Magic Dart               Conj           0%         1d3       71%         1
 Sandblast                Erth           0%         2d4       71%         1
 Searing Ray              Conj           0%         2d4       85%         2
 Frozen Ramparts          Ice            0%         1d1       97%         3
 Hailstorm                Conj/Ice       0%         3d5       97%         3
 Inner Flame              Hex/Fire       0%         N/A       97%         3
 Passwall                 Erth           0%         N/A       97%         3
 Stone Arrow              Conj/Erth      0%         3d7       97%         3
 Brom's Barrelling Bould  Conj/Erth      0%         2d3       100%        4
 Fulminant Prism          Conj/Alch      0%         3d5       100%        4
 Irradiate                Conj/Alch      0%         3d11      100%        5
 Ignition                 Fire           0%         3d3       100%        8


Dungeon Overview and Level Annotations

Branches:
Dungeon (10/15)            Temple (1/1) D:4            Lair (0/5) D:8
    Orc (0/2) D:9

Altars:
Ashenzari
Cheibriados
Dithmenos
Elyvilon
Fedhas
Gozag
Hepliaklqana
Kikubaaqudgha
Makhleb
Nemelex Xobeh
Okawaru
Qazlal
Ru
Sif Muna
Trog
Uskayaw
Vehumet
Wu Jian
Xom
Yredelemnul
Zin

Annotations:
D:10 Nergalle


Innate Abilities, Weirdness & Mutations

You cannot be hasted, slowed, berserked, paralysed or teleported.
You can dig through walls and to a lower floor.
You have a pair of large antennae on your head. (SInv)
Your four strong arms can wield two-handed weapons with a shield.


Message History

The spectral orc warrior hits you from afar with a +0 glaive!
You feel drained.
You closely miss Nergalle.
Nergalle is moderately wounded.
You feel sick.
Unknown command.
You hit Nergalle but do no damage. You drain Nergalle.
Nergalle is heavily wounded.
You feel sick. Nergalle hits you but does no damage.
The spectral orc warrior completely misses you.
You hit Nergalle but do no damage.
Nergalle is heavily wounded.
You hit Nergalle.
Nergalle is heavily wounded.
You feel sick. Nergalle hits you but does no damage.
You are more poisoned.
The spectral orc warrior misses you.
The spectral orc hits you but does no damage.
The spectral orc knight hits you with a +2 great sword of freezing!!
The spectral orc knight freezes you.
* * * LOW HITPOINT WARNING * * *
You closely miss Nergalle.
Nergalle is heavily wounded.
You feel sick. Nergalle hits you but does no damage.
You are more poisoned.
The spectral orc warrior hits you from afar with a +0 glaive!
* * * LOW HITPOINT WARNING * * *
Unknown command.
Unknown command.
Unknown command.
You feel better. The spectral orc barely misses you.
The spectral orc knight hits you with a +2 great sword of freezing!
* * * LOW HITPOINT WARNING * * *
You feel drained.
* * * LOW HITPOINT WARNING * * *
The spectral orc knight freezes you.
* * * LOW HITPOINT WARNING * * *
Nergalle casts a spell at you. The bolt of negative energy hits you!!
You feel drained.
You die...

.....................
...................#
#.....)...........#
#...###...........#
#...# #######.....#
#...# #.....#### ##...#
#Z.......# .....#
#...Z....# .....#
#..@.....# .....####+##
#.Zo.....#
......................#
......................#
......................#
......................#
...................####
........#### ........#


You could see Nergalle (drained), a spectral orc (summoned), a spectral orc
warrior (summoned) and a spectral orc knight (summoned).

Vanquished Creatures
  A boulder beetle (D:10)
  2 two-headed ogres (D:10)
  Pikel (D:8)
  Sigmund (D:2)
  A shadow (D:9)
  A wyvern (D:7)
  A wraith (D:9)
  3 steam dragons
  An acid dragon (D:9)
  A water moccasin (D:6)
  3 orc warriors
  3 black bears
  An ice beast (D:6)
  2 ogres
  2 centaurs
  4 lemures
  2 kobold brigands
  A phantom (D:6)
  4 bullfrogs
  2 scorpions
  4 wights (D:6)
  5 killer bees (D:7)
  3 howler monkeys
  5 electric eels
  3 bombardier beetles
  2 hounds
  A jelly (D:6)
  6 orc priests
  2 gnoll boudas
  An iguana (D:6)
  8 orc wizards
  5 adders
  7 gnolls
  A shadow imp (D:5)
  2 white imps
  3 dart slugs
  2 ribbon worms (D:2)
  26 orcs
  2 bats (D:2)
  5 endoplasms
  A giant cockroach (D:4)
  4 goblins
  6 hobgoblins
  2 jackals (D:1)
  21 kobolds
  3 quokkas (D:1)
  8 ball pythons
  2 frilled lizards (D:2)
  4 rats
181 creatures vanquished.

Vanquished Creatures (others)
  An orc priest (D:9)
1 creature vanquished.

Grand Total: 182 creatures vanquished

Notes
Turn   | Place    | Note
-------+----------+-------------------------------------------
     0 | D:1      | ExZ the Formicid Fighter began the quest for the Orb.
     0 | D:1      | Reached XP level 1. HP: 18/18 MP: 1/1
   210 | D:1      | Reached XP level 2. HP: 25/25 MP: 2/2
   334 | D:1      | Reached XP level 3. HP: 25/31 MP: 3/3
  1295 | D:2      | Reached skill level 5 in Fighting
  1506 | D:2      | Reached XP level 4. HP: 39/39 MP: 4/4
  1519 | D:2      | Noticed Sigmund
  1526 | D:2      | Killed Sigmund
  1527 | D:2      | Reached XP level 5. HP: 34/48 MP: 5/5
  1527 | D:2      | Reached XP level 6. HP: 39/55 MP: 6/6
  2232 | D:3      | Found an opulent altar of Gozag.
  3088 | D:4      | Reached skill level 4 in Armour
  3088 | D:4      | Reached skill level 5 in Shields
  3153 | D:4      | Found a staircase to the Ecumenical Temple.
  3187 | Temple   | Entered the Ecumenical Temple
  3206 | Temple   | Became a worshipper of Warmaster Okawaru
  3267 | D:4      | Noticed an ogre
  3275 | D:4      | You fall into a shaft and drop 1 floor!
  3275 | D:5      | Entered Level 5 of the Dungeon
  3342 | D:5      | Reached XP level 7. HP: 59/60 MP: 7/7
  3391 | D:5      | Reached skill level 5 in Armour
  4106 | D:5      | Reached skill level 1 in Invocations
  4106 | D:5      | Reached skill level 1 in Evocations
  4308 | D:5      | Found a burning altar of Makhleb.
  4436 | D:5      | Reached * piety under Okawaru
  4581 | D:6      | Reached XP level 8. HP: 43/67 MP: 8/10
  5061 | D:6      | Reached ** piety under Okawaru
  5069 | D:6      | Reached skill level 5 in Invocations
  5252 | D:6      | Reached skill level 5 in Evocations
  5285 | D:6      | Reached XP level 9. HP: 59/72 MP: 13/13
  5538 | D:6      | Noticed Pikel
  5729 | D:6      | Noticed a kobold demonologist
  5730 | D:6      | Noticed an ice devil
  5732 | D:6      | You fall into a shaft and drop 3 floors!
  5767 | D:9      | Reached skill level 1 in Polearms
  6489 | D:8      | Reached skill level 6 in Armour
  6492 | D:8      | Killed Pikel
  6492 | D:8      | Reached *** piety under Okawaru
  6817 | D:8      | Reached skill level 7 in Armour
  7102 | D:8      | Found a staircase to the Lair.
  7383 | D:7      | Reached XP level 10. HP: 41/74 MP: 12/15
  7601 | D:7      | Reached skill level 8 in Armour
  8410 | D:7      | Found a white marble altar of Elyvilon.
  8418 | D:7      | Found a basalt altar of Yredelemnul.
  8423 | D:7      | Found a shadowy altar of Dithmenos.
  8549 | D:9      | Reached skill level 5 in Dodging
  8900 | D:9      | Reached **** piety under Okawaru
  8901 | D:9      | Reached skill level 9 in Armour
  9072 | D:9      | Found a staircase to the Orcish Mines.
 10326 | D:10     | Entered Level 10 of the Dungeon
 10336 | D:10     | Noticed a boulder beetle
 10350 | D:10     | Killed a boulder beetle
 10522 | D:10     | Noticed a two-headed ogre
 10535 | D:10     | Killed a two-headed ogre
 10536 | D:10     | Reached skill level 10 in Armour
 10536 | D:10     | Reached XP level 11. HP: 43/86 MP: 13/16
 10676 | D:10     | Noticed a two-headed ogre
 10681 | D:10     | Killed a two-headed ogre
 10797 | D:10     | Noticed Nergalle
 10815 | D:10     | HP: 3/82 [spectral orc knight/+2 great sword of
                  | freezing[Nergalle] (4)]
 10815 | D:10     | Killed from afar by Nergalle

Illustrated notes

Levels and vault maps discovered:
D:1:      amcnicky_arrival_single_pillar, layout_basic
D:2:      layout_basic, minmay_tall_x, uniq_sigmund
D:3:      layout_basic, grunt_gozag_breadcrumbs
D:4:      layout_rooms, minmay_temple_entry_tees, minivault_27,
          eino_tiny_chamber, nicolae_kite_square_tiling_tiny,
          serial_library_hellmonk_h_bend, minivault_23, st_stairs_7,
          kennysheep_doodads, serial_park_tiny_pond
D:5:      layout_cave_pools, overflow_temple_1_default
D:6:      layout_basic, gup_sewer_entry_pipe, minivault_10, minivault_14,
          uniq_grinder, uniq_pikel
D:7:      layout_cave_pools, minmay_overflow_temple_star_quad,
          hangedman_abyss_or_decor_lesser_grid, dk_vineyard_2
D:8:      layout_loops_ring, lair_entry_dummy, serial_co_window_serial,
          co_window_paths_b, co_window_of_opportunity_a, co_window_corner_a,
          co_window_of_opportunity_a, co_window_corner_a,
          co_window_of_opportunity_b, co_window_2corner, co_window_cross_3,
          co_window_corner_ca, glass_columns_c, glass_columns_a
D:9:      layout_basic, minmay_orc_entry_temple_small, serial_bayou,
          serial_bayou_pond_a, serial_bayou_lagoon_b, serial_bayou_crossing,
          serial_bayou_pond_d, serial_bayou_pond_c, serial_bayou_pond_a
D:10:     layout_irregular_city, kennysheep_mini, uniq_nergalle
Temple:   nicolae_temple_slightly_damp_pantheon

Skill      XL: |  1  2  3  4  5  6  7  8  9 10 11 |
---------------+----------------------------------+-----
Fighting       | 4 5 7 8 |  8.0
Armour         | 4 5 7 10 | 10.7
Shields        | 5 |  5.0
Invocations    | 2 6 7 |  7.0
Evocations     | 2 5 |  5.0
Polearms       | 3 |  3.0
Dodging        | 3 6 7 |  7.3
Axes           | |  2.0

Action                     |  1- 3 |  4- 6 |  7- 9 | 10-12 || total
---------------------------+-------+-------+-------+-------++-------
  Melee: War axe           |    87 |    87 |    67 |       ||   241
         Lajatang          |       |       |   184 |   229 ||   413
 Invoke: Heroism           |       |       |     2 |     8 ||    10
         Finesse           |       |       |       |     1 ||     1
Ability: Shaft Self        |       |     1 |     1 |       ||     2
         Dig               |       |       |     3 |       ||     3
  Evoke: Wand              |       |       |     9 |     7 ||    16
    Use: Potion            |       |     1 |     2 |     1 ||     4
         Scroll            |       |       |    12 |     2 ||    14
 Armour: Scale mail        |    63 |    56 |   240 |       ||   359
         Fire dragon scale |       |       |    28 |   192 ||   220
  Dodge: Dodged            |    40 |    29 |   144 |   178 ||   391
  Block: Buckler           |    25 |    25 |    74 |    72 ||   196
